Match 45378476
Unlisted

Match 45378476
End
Construct Section Command Post
Infantry Section
Infantry Section
Grenade Package
Selects Air and Sea Battlegroup
Construct Platoon Command Post
6-pounder Anti-tank Gun Team
Selects Supply Surplus
Construct Field Infirmary
Humber Armored Car
Forward Retreat Point
Infantry Training
Blaston
Scrapadactyl
tihs86
Mecska
Arwootarch
Urge to Merge
Relic only temp bans maphackers
Cameltoe Joe
0
0

Comments sign in to comment!

No comments posted yet!